 Dungeon Crawl Stone Soup version 0.32-a0-86-g8db1b9f803 (webtiles) character file.

Game seed: 16928840152866219582

237 zenocrate the Slasher (level 6, -9/37 HPs)
             Began as a Tengu Delver on Feb 5, 2024.
             Mangled by a sleepcap (21 damage)
             ... on level 5 of the Dungeon.
             The game lasted 00:00:52 (374 turns).

zenocrate the Slasher (Tengu Delver)                 Turns: 374, Time: 00:00:53

Health: -9/37      AC:  3    Str: 13    XL:     6   Next: 6%
Magic:  7/7        EV:  2    Int: 10    God:
Gold:   14         SH:  0    Dex: 17    Spells: 5/5 levels left

rFire   . . .        a - +0 falchion
rCold   . . .        (no shield)
rNeg    . . .        b - +0 leather armour
rPois   .            (helmet restricted)
rElec   .            (no cloak)
rCorr   .            (no gloves)
SInv    .            (boots unavailable)
Will    .....        (no amulet)
Stlth   +++          (no ring)
HPRegen 0.26/turn    (no ring)
MPRegen 0.10/turn

%: acrobat
@: sleeping
A: beak, talons 3, acrobatic
a: no special abilities


You were on level 5 of the Dungeon.
You visited 1 branch of the dungeon, and saw 1 of its levels.

You collected 14 gold pieces.

Inventory:

Hand Weapons
 a - a +0 falchion (weapon)
Missiles
 j - 2 poisoned darts (quivered)
Armour
 b - a +0 leather armour (worn)
Wands
 g - a wand of digging (3)
Scrolls
 c - a scroll of fog
 d - a scroll of revelation
 e - a scroll of fear
Potions
 i - a potion of heal wounds {unknown}


   Skills:
 - Level 3.0 Fighting
 * Level 6.7 Long Blades
 - Level 2.1 Dodging
 - Level 5.0 Stealth


You had 5 spell levels left.
You didn't know any spells.
Your spell library was empty.

Dungeon Overview and Level Annotations

Branches:
Dungeon (5/15)
 Temple: D:4-7

Altars:
Yredelemnul


Innate Abilities, Weirdness & Mutations

You have a beak for a mouth.
You have claws for feet.
You can magically evade attacks while moving or waiting.


Message History

A sleepcap is nearby!
A howler monkey comes into view.
You closely miss the howler monkey. Your peck misses the howler monkey.
The howler monkey hits you.
Unknown command.
You closely miss the howler monkey.
The howler monkey hoots and howls with incredible vigour!
You hear a bark!
You barely miss the howler monkey. Your kick misses the howler monkey.
You peck the howler monkey.
The howler monkey is lightly wounded.
The howler monkey hits you.
You hit the howler monkey.
You claw the howler monkey, but do no damage.
You peck the howler monkey.
The howler monkey is heavily wounded.
The howler monkey hits you.
Unknown command.
You barely miss the howler monkey. Your kick misses the howler monkey.
The howler monkey is heavily wounded.
The howler monkey hits you. The howler monkey closely misses you.
You hit the howler monkey. You claw the howler monkey.
You kill the howler monkey!
You have reached level 6!
You slash the sleepcap! You claw the sleepcap.
The sleepcap is heavily damaged.
The sleepcap barely misses you.
You hit the sleepcap.
The sleepcap is heavily damaged.
The sleepcap closely misses you.
You slash the sleepcap!
You claw the sleepcap, but do no damage.
You punch the sleepcap.
The sleepcap is almost destroyed.
The sleepcap releases spores at you!
You are engulfed in a cloud of soporific spores!
You fall asleep.
The sleepcap releases spores at you!!
Ouch! That really hurt!
You die...

...... #.. ..#### #..
# #.. #.. #####.. #+#
....... #.#
#....f########.######
#@.............#
#.###.......##.# #.#
#.#.....##.###
......##..........
##.######..####.###
#.# #..# #.#
#.######..####.#
#.............^#
##############


You could see a sleepcap.

Vanquished Creatures
  A water moccasin (D:5)
  A scorpion (D:5)
  A howler monkey (D:5)
  A hound (D:5)
  A ribbon worm (D:5)
5 creatures vanquished.

Notes
Turn   | Place    | Note
-------+----------+-------------------------------------------
     0 | D:5      | zenocrate the Tengu Delver began the quest for the Orb.
     0 | D:5      | Reached XP level 1. HP: 14/14 MP: 2/2
   112 | D:5      | Noticed a scorpion
   124 | D:5      | Killed a scorpion
   125 | D:5      | Reached skill level 4 in Long Blades
   125 | D:5      | Reached XP level 2. HP: 10/19 MP: 3/3
   125 | D:5      | Reached XP level 3. HP: 13/23 MP: 4/4
   125 | D:5      | Reached XP level 4. HP: 15/28 MP: 5/5
   200 | D:5      | Found a basalt altar of Yredelemnul.
   204 | D:5      | Noticed a water moccasin
   206 | D:5      | Noticed an ice beast
   219 | D:5      | Reached skill level 5 in Long Blades
   228 | D:5      | Killed a water moccasin
   229 | D:5      | Reached skill level 6 in Long Blades
   229 | D:5      | Reached XP level 5. HP: 7/32 MP: 6/6
   371 | D:5      | Reached XP level 6. HP: 19/37 MP: 7/7
   374 | D:5      | Mangled by a sleepcap

Illustrated notes

Levels and vault maps discovered:
D:5:      layout_loops_corners, grunt_temple_overflow_growth_and_decay,
          mainiacjoe_overflow_catch_the_wave

Skill      XL: |  1  2  3  4 |
---------------+-------------+-----
Long Blades    | 4 6 |  6.7
Fighting       | |  3.0
Dodging        | |  2.1
Stealth        | |  5.0

Action                     |  1- 3 |  4- 6 || total
---------------------------+-------+-------++-------
  Melee: Falchion          |    12 |    26 ||    38
         Kick              |     4 |     5 ||     9
         Peck              |     2 |     6 ||     8
         Punch             |       |     1 ||     1
  Throw: Dart              |       |     2 ||     2
    Use: Potion            |     1 |     2 ||     3
   Stab: Sleeping          |     1 |       ||     1
 Armour: Leather armour    |     5 |    17 ||    22
  Dodge: Dodged            |    11 |    12 ||    23

Table legend: (Time is in decaauts)
 A = Elapsed time spent in this place.
 B = Non-inter-level travel time spent in this place.
 C = Inter-level travel time spent in this place.
 D = Time resting spent in this place.
 E = Time spent auto-exploring this place.
 F = Levels seen in this place.
 G = Mean time per level.
                   A        B        C        D        E       F      G
               +--------+--------+--------+--------+--------+-----+--------+
         Total |    357 |    357 |      0 |      0 |    281 |   1 |  357.0 |
       Dungeon |    357 |    357 |      0 |      0 |    281 |   1 |  357.0 |
               +--------+--------+--------+--------+--------+-----+--------+

Top non-repeatable levels by time:
     D:5: 357 daAuts
